 Dungeon Crawl Stone Soup version 0.30.1-3-gfc49f6343a (webtiles) character file.

Game seed: 4519791938107313457

2973 Peloso the Blocker (level 9, -1/79 HPs)
             Began as a Minotaur Fighter on Aug 1, 2023.
             Was an Elder of Okawaru.
             Shot with an arrow by a centaur (5 damage)
             ... on level 9 of the Dungeon.
             The game lasted 00:11:29 (7622 turns).

Peloso the Blocker (Minotaur Fighter)               Turns: 7622, Time: 00:11:30

Health: -1/79      AC: 15    Str: 23    XL:     9   Next: 53%
Magic:  8/8        EV:  5    Int:  7    God:    Okawaru [****..]
Gold:   451        SH: 15    Dex: 12    Spells: 8/8 levels left

rFire   . . .        c - +8 mace of Gifee {freeze, rElec rPois Int+2 Stlth-}
rCold   . . .        d - +0 tower shield
rNeg    . . .        A - +0 plate armour
rPois   +            (helmet restricted)
rElec   +            z - +0 cloak
rCorr   .            (no gloves)
SInv    .            (no boots)
Will    .....        (no amulet) Stlth
                     (no ring)
HPRegen 0.33/turn    (no ring)
MPRegen 0.11/turn

%: no passive effects
@: no status effects
A: horns 2, retaliatory headbutt
a: Renounce Religion, Heroism, Finesse


You were on level 9 of the Dungeon.
You worshipped Okawaru.
Okawaru was greatly pleased with you.
You visited 2 branches of the dungeon, and saw 10 of its levels.

You collected 529 gold pieces.
You spent 78 gold pieces at shops.

Inventory:

Hand Weapons
 a - a +5 long sword
 c - the +8 mace of Gifee (weapon) {freeze, rElec rPois Int+2 Stlth-}
   (You found it on level 6 of the Dungeon)

   Int:       It affects your intelligence (+2).
   rElec:     It insulates you from electricity.
   rPois:     It protects you from poison.
   Stlth:     It makes you less stealthy.
Missiles
 s - a throwing net (quivered)
Armour
 b - a +0 scale mail
 d - a +0 tower shield (worn)
 p - a +0 chain mail
 z - a +0 cloak (worn)
 A - a +0 plate armour (worn)
Jewellery
 C - an amulet of guardian spirit
 D - a ring of willpower
Wands
 B - a wand of roots (18)
Scrolls
 e - a scroll of fog
 i - 3 scrolls of poison
 l - 3 scrolls of amnesia
 m - 3 scrolls of teleportation
 n - 4 scrolls of magic mapping
 o - a scroll of blinking
 r - 2 scrolls of enchant armour
 v - a scroll of acquirement
 x - 2 scrolls of identify
 y - 2 scrolls of vulnerability {unknown}
 E - 2 scrolls of brand weapon
 G - a scroll of noise
Potions
 f - a potion of might
 g - a potion of mutation
 h - a potion of brilliance
 j - 2 potions of haste
 k - 2 potions of lignification
 q - a potion of ambrosia {unknown}
 t - 3 potions of flight {unknown}
 u - 2 potions of attraction {unknown}
 w - a potion of berserk rage {unknown}
 F - 2 potions of heal wounds {unknown}


   Skills:
 + Level 7.3 Fighting
 + Level 7.0 Long Blades
 + Level 6.1 Maces & Flails
 + Level 8.2 Armour
 + Level 2.5 Dodging
 + Level 0.3 Stealth
 + Level 8.8 Shields


You had 8 spell levels left.
You didn't know any spells.
Your spell library contained the following spells:

 Spells                   Type           Power      Damage    Failure   Level
 Slow                     Hex            0%         N/A       100%        1
 Sublimation of Blood     Necr           0%         N/A       100%        2
 Confusing Touch          Hex            0%         N/A       100%        3
 Portal Projectile        Hex/Tloc       0%         N/A       100%        3
 Vampiric Draining        Necr           0%         2d6       100%        3
 Leda's Liquefaction      Hex/Erth       0%         N/A       100%        4
 Petrify                  Tmut/Erth      0%         N/A       100%        4
 Irradiate                Conj/Tmut      0%         3d11      100%        5
 Call Canine Familiar     Summ           Unusable   N/A       N/A         3

Dungeon Overview and Level Annotations

Branches:
Dungeon (9/15)             Temple (1/1) D:4
   Lair: D:8-11         Orc: D:9-12

Altars:
Ashenzari
Hepliaklqana
Nemelex Xobeh
Okawaru
Ru
Sif Muna
Vehumet
Wu Jian
Yredelemnul
Zin

Shops:
D:5 *


Innate Abilities, Weirdness & Mutations

You have a pair of horns on your head.
You reflexively headbutt those who attack you in melee.


Message History

The centaur unwields a +0 shortbow.
The centaur hits you but does no damage.
The centaur closely misses you.
Your Maces & Flails skill increases to level 6!
The yak attacks as you move away! You block the yak's attack.
The yak attacks as you move away! The yak gores you!
The centaur attacks as you move away! You block the centaur's attack. x2
The yak attacks as you move away! The yak gores you but does no damage.
The centaur wields a +0 shortbow.
The centaur shoots an arrow.
The arrow hits you but does no damage.
Unknown command.
The centaur attacks as you move away!
The centaur unwields a +0 shortbow.
You block the centaur's attack. The centaur barely misses you.
The yak attacks as you move away! The yak gores you!
The centaur wields a +0 shortbow.
The centaur shoots an arrow.
The arrow hits you. The centaur attacks as you move away!
The centaur unwields a +0 shortbow.
You block the centaur's attack.
The centaur kicks you but does no damage.
The yak attacks as you move away! The yak gores you!
The centaur wields a +0 shortbow.
The centaur shoots an arrow.
You block the arrow.
An orc warrior comes into view. It is wielding a +0 battleaxe.
The centaur attacks as you move away!
The centaur unwields a +0 shortbow.
You block the centaur's attack. x2
The orc warrior shouts!
You hear a shout! x2
You block the centaur's attack. x2
The centaur wields a +0 shortbow.
The centaur shoots an arrow.
The arrow closely misses you. The yak attacks as you move away!
You block the yak's attack. The yak attacks as you move away!
The yak barely misses you. The yak attacks as you move away! The yak gores you!
The centaur shoots an arrow.
You block the arrow.
The centaur shoots an arrow.
The arrow hits you!
* * * LOW HITPOINT WARNING * * *
The yak attacks as you move away! The yak gores you!
* * * LOW HITPOINT WARNING * * *
The centaur shoots an arrow.
You block the arrow.
The centaur shoots an arrow.
The arrow hits you.
You die...

.........c...g.......
........#.#.#.#.#....
.......c....oY......
......#[#.#.#.#....
..........YY.......
#######.#.#Y#.#....
#.....Y.......
##.#.#.#.#....
####.@.........
#...........
#............
#............
#............
#............
#............
#...)........
#...)........


You could see 5 yaks, an orc warrior and a centaur.

Vanquished Creatures
  Sigmund (D:5)
  A yak (D:9)
  A steam dragon (D:9)
  2 orc warriors
  A water moccasin (D:6)
  A black bear (D:7)
  An ice beast (D:6)
  5 centaurs
  An ogre (D:6)
  2 phantoms
  2 kobold brigands
  2 scorpions
  4 wights (D:7)
  4 killer bees (D:8)
  4 jellies
  A howler monkey (D:6)
  A hound (D:5)
  An orc priest (D:4)
  3 iguanas
  4 orc wizards
  2 sleepcaps
  Robin (D:2)
  10 gnolls
  3 adders
  A shadow imp (D:7)
  A white imp (D:8)
  An ufetubus (D:6)
  A worm (D:5)
  25 orcs
  3 bats (D:1)
  5 endoplasms (D:1)
  6 giant cockroaches
  12 goblins
  8 hobgoblins
  15 jackals
  A quokka (D:4)
  4 ball pythons
  A frilled lizard (D:1)
  24 kobolds
  3 rats
169 creatures vanquished.

Notes
Turn   | Place    | Note
-------+----------+-------------------------------------------
     0 | D:1      | Peloso the Minotaur Fighter began the quest for the Orb.
     0 | D:1      | Reached XP level 1. HP: 19/19 MP: 0/0
   402 | D:1      | Reached XP level 2. HP: 27/27 MP: 1/1
   536 | D:1      | Reached XP level 3. HP: 29/33 MP: 2/2
   885 | D:2      | Found a broken altar of Ashenzari.
   944 | D:2      | Found a faded altar of an unknown god.
  1015 | D:2      | Noticed Robin
  1043 | D:2      | Killed Robin
  1044 | D:2      | Reached XP level 4. HP: 20/40 MP: 3/3
  2118 | D:3      | Reached skill level 1 in Dodging
  2118 | D:3      | Reached XP level 5. HP: 27/47 MP: 4/4
  2588 | D:4      | Found a staircase to the Ecumenical Temple.
  2600 | Temple   | Entered the Ecumenical Temple
  2607 | Temple   | Became a worshipper of Warmaster Okawaru
  2680 | D:4      | Reached skill level 5 in Armour
  3623 | D:5      | Entered Level 5 of the Dungeon
  3636 | D:4      | Reached XP level 6. HP: 34/53 MP: 5/5
  3824 | D:5      | Reached skill level 5 in Shields
  4019 | D:5      | Reached * piety under Okawaru
  4020 | D:5      | Reached skill level 5 in Fighting
  4020 | D:5      | Reached skill level 5 in Long Blades
  4034 | D:5      | Found Kybo's Assorted Antiques.
  4069 | D:5      | Bought a scroll labelled YTHRYE BOMEL for 28 gold pieces
  4069 | D:5      | Bought a black potion for 25 gold pieces
  4069 | D:5      | Bought a yellow potion for 25 gold pieces
  4252 | D:5      | Reached XP level 7. HP: 61/61 MP: 6/6
  4690 | D:6      | Noticed Sigmund
  4704 | D:5      | Killed Sigmund
  4704 | D:5      | Reached ** piety under Okawaru
  5153 | D:6      | Identified the +8 mace of Gifee {freeze, rElec rPois Int+2
                  | Stlth-}
  5202 | D:6      | Reached XP level 8. HP: 47/69 MP: 7/7
  5373 | D:6      | Found a radiant altar of Vehumet.
  5505 | D:6      | Reached skill level 1 in Maces & Flails
  5636 | D:6      | Reached *** piety under Okawaru
  5943 | D:7      | Reached XP level 9. HP: 4/73 MP: 8/8
  5951 | D:7      | HP: 1/73 [wight/stone (5)]
  6747 | D:7      | Reached skill level 5 in Maces & Flails
  7294 | D:8      | Reached **** piety under Okawaru
  7365 | D:8      | Found a sacrificial altar of Ru.
  7404 | D:8      | Found a basalt altar of Yredelemnul.
  7620 | D:9      | HP: 3/79 [yak (13)]
  7622 | D:9      | Shot with an arrow by a centaur

Illustrated notes

Levels and vault maps discovered:
D:1:      amcnicky_arrival_choice, layout_basic
D:2:      layout_loops_ring, basic_altar, hellmonk_ecumenical_altar_zigzags,
          uniq_robin
D:3:      layout_loops_ring, minmay_misc_feat_rugged
D:4:      layout_basic, minmay_temple_entry_statues_pillars,
          kennysheep_flooded_box
D:5:      layout_loops_cross, serial_shops, nicolae_shop_overgrown_old_shop,
          kennysheep_potato
D:6:      layout_rooms, mainiacjoe_overflow_chevrons, minmay_diced_spiral,
          uniq_sigmund
D:7:      layout_loops_ring, grunt_ministairs_9
D:8:      layout_basic, mainiacjoe_overflow_big_doors, dk_noncrumbling_4
D:9:      dragon1_lemuel, layout_long_grid, serial_shops,
          nicolae_shop_bloodbath_and_beyond, special_room [special_room_orc],
          grunt_ministairs_8, st_stairs_9
Temple:   cyrus_circular_temple

Skill      XL: |  1  2  3  4  5  6  7  8  9 |
---------------+----------------------------+-----
Armour         | 4 5 6 7 8 |  8.2
Fighting       | 4 5 6 7 |  7.3
Shields        | 4 5 6 8 |  8.8
Long Blades    | 3 4 5 6 7 |  7.0
Dodging        | 1 2 |  2.5
Maces & Flails | 3 6 |  6.1
Stealth        | |  0.3

Action                     |  1- 3 |  4- 6 |  7- 9 || total
---------------------------+-------+-------+-------++-------
  Melee: Long sword        |   126 |   168 |    37 ||   331
         Headbutt          |    21 |    34 |    35 ||    90
         Mace              |       |       |   167 ||   167
    Use: Potion            |     1 |       |     1 ||     2
         Scroll            |     3 |     8 |     3 ||    14
 Armour: Scale mail        |    95 |    49 |       ||   144
         Chain mail        |       |    19 |    27 ||    46
         Plate armour      |       |       |   108 ||   108
  Dodge: Dodged            |    86 |    44 |    40 ||   170
  Block: Buckler           |    36 |     3 |       ||    39
         Tower shield      |       |   101 |   244 ||   345
